 Dungeon Crawl Stone Soup version 0.32-a0-128-g77eb882913 (webtiles) character file.

Game seed: 6149247821155336131

84 GibletGobbler the Ruffian (level 4, -1/37 HPs)
             Began as a Ghoul Gladiator on Feb 7, 2024.
             Slain by an orc wizard
             ... wielding a +0 dagger
              (2 damage)
             ... on level 3 of the Dungeon.
             The game lasted 00:19:21 (848 turns).

GibletGobbler the Ruffian (Ghoul Gladiator)          Turns: 848, Time: 00:19:22

Health: -1/37      AC:  4    Str: 19    XL:     4   Next: 45%
Magic:  4/4        EV: 12    Int:  7    God:
Gold:   28         SH:  0    Dex: 10    Spells: 3/3 levels left

rFire   . .          .
                       - Unarmed
rCold   + . .        (no shield)
rNeg    + + +        a - +0 leather armour
rPois   ∞            b - +0 helmet
rElec   .            (no cloak)
rCorr   .            (no gloves)
SInv    .            (no boots)
Will    .....        (no amulet)
Stlth   +            (no ring)
HPRegen 0.00/turn    (no ring)
MPRegen 0.09/turn

%: no passive effects
@: inhibited regen, hasted, very quick
A: claws 1, cold resistance 1, negative energy resistance 3, inhibited
regeneration, torment resistance 2, devour on kill
a: no special abilities


You were on level 3 of the Dungeon.
You visited 1 branch of the dungeon, and saw 3 of its levels.

You collected 28 gold pieces.

Inventory:

Hand Weapons
 h - a +0 short sword of holy wrath
Missiles
 c - 3 throwing nets (quivered)
 d - a javelin
Armour
 a - a +0 leather armour (worn)
 b - a +0 helmet (worn)
Jewellery
 g - a ring of wizardry
Scrolls
 e - 2 scrolls of identify {unknown}
 f - a scroll of enchant weapon {unknown}
 l - a scroll of fear {unknown}
Potions
 i - a potion of resistance {unknown}
 j - a potion of brilliance {unknown}


   Skills:
 + Level 2.5 Fighting
 + Level 2.0 Throwing
 + Level 0.8 Armour
 + Level 3.4 Dodging
 + Level 4.4 Unarmed Combat


You had 3 spell levels left.
You didn't know any spells.
Your spell library contained the following spells:

 Spells                   Type           Power      Damage    Failure   Level
 Kiss of Death            Conj/Necr      0%         2d5       50%         1
 Blink                    Tloc           0%         N/A       63%         2
 Lesser Beckoning         Tloc           0%         N/A       63%         2
 Momentum Strike          Conj/Tloc      0%         3d8       63%         2
 Confusing Touch          Hex            0%         N/A       86%         3
 Dispel Undead            Necr           0%         3d6       99%         4


Dungeon Overview and Level Annotations

Branches:
Dungeon (3/15)

Altars:


Innate Abilities, Weirdness & Mutations

You are immune to poison.
You have sharp fingernails.
Your flesh is cold resistant. (rC+)
You are immune to negative energy. (rN+++)
You do not regenerate when monsters are visible.
You are immune to unholy pain and torment.
You thrive by killing the living.


Message History

You barely miss something. The orc barely misses you.
Something hits you but does no damage.
You scratch the orc.
You kill the orc!
You see here a +0 hand axe.
You scratch something.
You hear some strange, mumbled words.
You are confused.
You closely miss something. The orc hits you with a +0 hand axe.
Something hits you.
You bump into the rock wall.
Something hits you. The orc hits you with a +0 hand axe.
You're too confused to move!
Something hits you.
* * * LOW HITPOINT WARNING * * *
The orc misses you.
You barely miss something. Something hits you.
* * * LOW HITPOINT WARNING * * *
The orc hits you with a +0 hand axe.
* * * LOW HITPOINT WARNING * * *
You scratch the orc.
The orc is heavily wounded.
Something hits you.
* * * LOW HITPOINT WARNING * * *
The orc hits you but does no damage.
You bump into the rock wall.
You feel less confused. Something barely misses you.
The orc hits you with a +0 hand axe.
* * * LOW HITPOINT WARNING * * *
It was a potion of haste.
You feel yourself speed up. Something hits you but does no damage.
The orc misses you.
You barely miss something.
You hear some strange, mumbled words.
Something tries to affect you, but you resist.
The orc closely misses you.
You closely miss the orc.
The orc is heavily wounded.
Press: ? - help, v - describe, . - travel A rock wall.
You miss something. Your claw misses something. Something hits you.
You die...

............[###.#
###.....#.######.####
....####.##........#
.........##........#
...####...........#
#$.## #.##........#
##.... #.##........#
#...#. #.#######..##
#@##.#.# #...# #
#{.#.#.### ###.. #.
##o#..>..# .# ##.#
#)###.#.# .# ....#
#.).#.#.# .# ......
###...# #
....o####...#
#...##...##.##
#.oo.........#


You could see an orc.

Vanquished Creatures
  A sleepcap (D:3)
  2 adders (D:2)
  A dart slug (D:2)
  5 orcs (D:3)
  4 ball pythons
  4 endoplasms
  3 goblins
  2 hobgoblins
  A quokka (D:2)
  2 bats
  5 kobolds (D:2)
  4 rats
34 creatures vanquished.

Notes
Turn   | Place    | Note
-------+----------+-------------------------------------------
     0 | D:1      | GibletGobbler the Ghoul Gladiator began the quest for the
                  | Orb.
     0 | D:1      | Reached XP level 1. HP: 17/17 MP: 1/1
   292 | D:2      | Reached XP level 2. HP: 24/24 MP: 2/2
   421 | D:2      | Reached XP level 3. HP: 28/30 MP: 3/3
   610 | D:2      | Reached skill level 4 in Unarmed Combat
   717 | D:3      | Reached XP level 4. HP: 33/37 MP: 4/4
   840 | D:3      | HP: 1/37 [orc/+0 hand axe (3)]
   848 | D:3      | Slain by an orc wizard

Illustrated notes

Levels and vault maps discovered:
D:1:      lemuel_arrival_funnel, layout_basic, minmay_pentomino_x2
D:2:      layout_basic, nicolae_ecumenical_snake_handling
D:3:      layout_rooms

Skill      XL: |  1  2  3 |
---------------+----------+-----
Dodging        | 3 |  3.4
Unarmed Combat | 4 |  4.4
Throwing       | 2 |  2.0
Fighting       | |  2.5
Armour         | |  0.8

Action                     |  1- 3 |  4- 6 || total
---------------------------+-------+-------++-------
  Melee: Unarmed           |    63 |    33 ||    96
         Punch             |     1 |       ||     1
  Throw: Throwing net      |     2 |       ||     2
    Use: Potion            |       |     1 ||     1
 Armour: Leather armour    |    38 |    22 ||    60
  Dodge: Dodged            |    29 |    22 ||    51

Table legend: (Time is in decaauts)
 A = Elapsed time spent in this place.
 B = Non-inter-level travel time spent in this place.
 C = Inter-level travel time spent in this place.
 D = Time resting spent in this place.
 E = Time spent auto-exploring this place.
 F = Levels seen in this place.
 G = Mean time per level.
                   A        B        C        D        E       F      G
               +--------+--------+--------+--------+--------+-----+--------+
         Total |    839 |    836 |      3 |      0 |      0 |   3 |  279.7 |
       Dungeon |    839 |    836 |      3 |      0 |      0 |   3 |  279.7 |
               +--------+--------+--------+--------+--------+-----+--------+

Top non-repeatable levels by time:
     D:2: 458 daAuts
     D:3: 231 daAuts
     D:1: 149 daAuts
